 Dungeon Crawl Stone Soup version 0.29.1-13-g9f3cf754e1 (webtiles) character file.

Game seed: 10121254721808931765

3117 tizbic2 the Blocker (level 9, 0/70 HPs)
             Began as a Ghoul Monk on Jan 26, 2023.
             Was an Elder of Sif Muna.
             Slain by a wyvern (2 damage)
             ... on level 8 of the Dungeon.
             The game lasted 00:37:20 (9061 turns).

tizbic2 the Blocker (Ghoul Monk)                    Turns: 9061, Time: 00:37:21

Health: 0/70       AC: 14    Str: 17    XL:     9   Next: 91%
Magic:  16/16      EV:  4    Int:  7    God:    Sif Muna [****..]
Gold:   317        SH: 14    Dex: 11    Spells: 18/18 levels left

rFire   + . .      SeeInvis .   q - +2 flail (protect)
rCold   + . .      Faith    .   l - +0 tower shield
rNeg    + + +      Spirit   .   F - +2 chain mail {rF+}
rPois   ∞          Reflect  .   d - +0 helmet
rElec   .          Harm     .   z - +0 cloak
rCorr   .          Rampage  .   M - +0 pair of gloves
Will    .....                   y - +0 pair of boots
Stlth   ..........              E - amulet of magic regeneration
HPRegen 0.00/turn               (no ring)
MPRegen 0.55/turn               (no ring)

@: about to teleport, inhibited regen
A: claws 1, cold resistance 1, negative energy resistance 3, inhibited
regeneration, torment resistance 2, devour on kill
a: Renounce Religion, Channel Magic, Forget Spell, Divine Exegesis


You were on level 8 of the Dungeon.
You worshipped Sif Muna.
Sif Muna was greatly pleased with you.
You visited 2 branches of the dungeon, and saw 9 of its levels.

You collected 386 gold pieces.
You spent 69 gold pieces at shops.

Inventory:

Hand Weapons
 a - a +0 spear
 e - a +2 flail of venom
 q - a +2 flail of protection (weapon)
 w - a +0 sling
 K - a +0 battleaxe
 L - the +4 dagger "Morg" {pain, Will+ Int+5}
   (You found it on level 8 of the Dungeon)

   In the hands of one skilled in necromantic magic, it inflicts extra damage on
   living creatures.
   Int:       It affects your intelligence (+5).
   Will:      It increases your willpower.
Missiles
 B - 11 poisoned darts
Armour
 d - a +0 helmet (worn)
 g - a +1 ring mail
 l - a +0 tower shield (worn)
 y - a +0 pair of boots (worn)
 z - a +0 cloak (worn)
 F - a +2 chain mail of fire resistance (worn)
 M - a +0 pair of gloves (worn)
Magical Staves
 o - a staff of death
Jewellery
 E - an amulet of magic regeneration (around neck)
Wands
 O - a wand of polymorph (4)
Scrolls
 c - a scroll of summoning {unknown}
 i - 3 scrolls of teleportation
 m - 2 scrolls of magic mapping {unknown}
 n - 2 scrolls of acquirement {unknown}
 p - 3 scrolls of amnesia
 r - 2 scrolls of enchant weapon {unknown}
 t - 2 scrolls of brand weapon {unknown}
 u - a scroll of noise
 A - a scroll of poison {unknown}
 D - a scroll of vulnerability {unknown}
 J - a scroll of silence {unknown}
Potions
 b - 3 potions of flight
 h - 3 potions of haste {unknown}
 j - a potion of brilliance {unknown}
 k - 2 potions of might {unknown}
 s - 2 potions of curing {unknown}
 v - a potion of resistance
 C - 2 potions of attraction {unknown}
 G - a potion of berserk rage {unknown}
 I - a potion of cancellation {unknown}
 N - a potion of magic {unknown}


   Skills:
 + Level 3.5 Fighting
 + Level 0.8 Short Blades
 - Level 1.9(3.1) Axes
 - Level 3.7(4.4) Polearms
 - Level 2.8(3.8) Staves
 - Level 2.6 Dodging
 - Level 2.1 Stealth
 * Level 8.6 Shields
 + Level 5.4 Spellcasting
 * Level 3.1 Necromancy
 - Level 2.3 Evocations


You had 18 spell levels left.
You didn't know any spells.
Your spell library contained the following spells:

 Spells                   Type           Power      Damage    Failure   Level
 Summon Guardian Golem    Hex/Summ       1%         N/A       100%        3
 Orb of Destruction       Conj           0%         9d5       100%        7
 Spellforged Servitor     Conj/Summ      0%         N/A       100%        7


Dungeon Overview and Level Annotations

Branches:
Dungeon (8/15)             Temple (1/1) D:7            Lair (0/5) D:8

Altars:
Ashenzari
Cheibriados
Dithmenos
Fedhas
Gozag
Hepliaklqana
Kikubaaqudgha
Makhleb
Nemelex Xobeh
Okawaru
Qazlal
Ru
Sif Muna
Trog
Vehumet
Wu Jian
Xom
Yredelemnul

Shops:
D:1 [   D:2 !   D:4 ?

Annotations:
D:4 3 runed translucent doors, sigtrap's ghost, novice DjCj
D:7 2 transporters, cheesebisquit's ghost, novice MfGl


Innate Abilities, Weirdness & Mutations

You are immune to poison.
You have sharp fingernails.
Your flesh is cold resistant. (rC+)
You are immune to negative energy. (rN+++)
You do not regenerate when monsters are visible.
You are immune to unholy pain and torment.
You thrive by killing the living.


Message History

The black bear growls angrily.
The basilisk hisses angrily.
The basilisk gazes at you.
You are slowing down.
Your surroundings suddenly seem different.
Found a staircase to the Lair.
Your limbs are stiffening.
You have turned to stone.
A howler monkey comes into view.
The howler monkey hoots and howls with incredible vigour!
A wyvern comes into view.
The howler monkey hits you but does no damage. x2
A black bear comes into view.
The howler monkey hoots and howls with incredible vigour!
You hear a shout!
You hear a croak.
You hear a shout! x3
You hear an angry hiss.
You hear an angry growl.
You hear a shout!
The black bear growls angrily.
The howler monkey hits you but does no damage.
You turn to flesh and can move again.
The howler monkey attacks as you move away!
The howler monkey hits you but does no damage.
A water moccasin comes into view.
The howler monkey hits you but does no damage.
The water moccasin attacks as you move away!
You block the water moccasin's attack. You block the water moccasin's attack.
The water moccasin bites you but does no damage.
The howler monkey attacks as you move away!
You block the howler monkey's attack. x2
The howler monkey hoots and howls with incredible vigour!
You hear two shouts!
You hear a croak.
You hear a shout!
You hear an angry hiss.
You hear a shout! x4
A two-headed ogre comes into view. It is wielding two +0 giant clubs.
As you read the scroll of torment, it crumbles to dust.
You feel a surge of unholy energy.
The water moccasin convulses!
The wyvern convulses!
The howler monkey convulses!
The two-headed ogre convulses!
You block the water moccasin's attack.
As you read the scroll of teleportation, it crumbles to dust.
You feel strangely unstable.
The wyvern bites you but does no damage.
You block the water moccasin's attack. The wyvern bites you.
You die...

#....######.#
#. ##.#.###
#.# #.
.......# #.#
#. ###.#.#.#
#.######
#.#.#.#
#......#
#.#.#.#
######.#
#.######.#.#.#
#.#
#.......l#.#.#
#.#
..O....@Sh...#
#.#
#..#########.#
#.# #.# #†#
#S# #..
########l# #..
.........# #..
######..# #..
#.###### #..
##......# #.?


You could see a two-headed ogre, a water moccasin, a wyvern and a howler monkey.

Vanquished Creatures
  Grinder (D:3)
  2 wyverns (D:8)
  5 yaks (D:7)
  2 water moccasins (D:8)
  Edmund (D:5)
  A black bear (D:8)
  2 ogres
  A wolf (D:8)
  A centaur (D:7)
  A phantom (D:4)
  A necrophage (D:5)
  A gnoll sergeant (D:6)
  4 scorpions
  6 hounds
  2 jellies (D:5)
  3 orc priests
  A gnoll bouda (D:7)
  2 iguanas
  2 orc wizards (D:4)
  7 gnolls
  10 adders
  A shadow imp (D:6)
  A white imp (D:6)
  3 ufetubi
  3 worms
  12 orcs
  3 endoplasms
  5 giant cockroaches
  5 goblins
  7 hobgoblins
  11 jackals (D:1)
  4 quokkas
  3 ball pythons
  6 bats
  3 frilled lizards
  6 kobolds
  14 rats
143 creatures vanquished.

Vanquished Creatures (others)
  2 fungi (D:8)
  20 plants (D:8)
22 creatures vanquished.

Grand Total: 165 creatures vanquished

Notes
Turn   | Place    | Note
-------+----------+-------------------------------------------
     0 | D:1      | tizbic2 the Ghoul Monk began the quest for the Orb.
     0 | D:1      | Reached XP level 1. HP: 19/19 MP: 0/0
   309 | D:1      | Reached XP level 2. HP: 17/26 MP: 1/1
   444 | D:1      | Found Gicvud's Armour Shoppe.
   759 | D:1      | Reached XP level 3. HP: 27/31 MP: 2/2
   812 | D:1      | Reached skill level 1 in Axes
  1208 | D:1      | Bought a +0 helmet for 45 gold pieces
  1731 | D:2      | Found a faded altar of an unknown god.
  1737 | D:2      | Prayed at the altar of an unknown god.
  1737 | D:2      | Became a worshipper of Sif Muna the Loreminder
  1737 | D:2      | Reached * piety under Sif Muna
  1737 | D:2      | Reached ** piety under Sif Muna
  1804 | D:2      | Reached XP level 4. HP: 38/38 MP: 3/3
  1937 | D:2      | Found Nyoph's Distillery.
  2265 | D:2      | Reached skill level 1 in Shields
  2393 | D:3      | Found a shimmering blue altar of Sif Muna.
  2419 | D:3      | Noticed Grinder
  2424 | D:3      | Killed Grinder
  2425 | D:3      | Reached skill level 3 in Shields
  2425 | D:3      | Reached XP level 5. HP: 31/45 MP: 4/7
  2425 | D:3      | Reached XP level 6. HP: 35/51 MP: 4/8
  2471 | D:3      | Reached *** piety under Sif Muna
  3195 | D:4      | Found Vumpa's Magic Scroll Emporium.
  3202 | D:4      | Bought a scroll of identify for 24 gold pieces
  3227 | D:4      | Reached skill level 4 in Shields
  3228 | D:4      | Reached XP level 7. HP: 36/57 MP: 9/9
  3468 | D:4      | Found a runed translucent gate.
  3469 | D:4      | Found a runed translucent gate.
  3469 | D:4      | Found a runed translucent gate.
  3473 | D:4      | Noticed sigtrap's ghost (novice DjCj)
  3714 | D:5      | Entered Level 5 of the Dungeon
  3730 | D:4      | Reached skill level 5 in Shields
  4214 | D:5      | Noticed Edmund
  4521 | D:5      | Killed Edmund
  4522 | D:5      | Reached XP level 8. HP: 37/63 MP: 12/12
  4544 | D:5      | Reached skill level 6 in Shields
  5260 | D:5      | Reached **** piety under Sif Muna
  5330 | D:5      | Reached skill level 7 in Shields
  6157 | D:6      | Reached skill level 1 in Necromancy
  7028 | D:7      | Found a transporter.
  7031 | D:7      | Found a transporter.
  7032 | D:7      | Noticed cheesebisquit's ghost (novice MfGl)
  7036 | D:7      | Identified the +7 great mace "Avah" {holy, rF+ Will+}
  7036 | D:7      | Noticed a two-headed ogre
  7146 | D:7      | Noticed a yak
  7146 | D:7      | Noticed a yak
  7154 | D:7      | Noticed a yak
  7155 | D:7      | Noticed a yak
  7157 | D:7      | Noticed a yak
  7161 | D:7      | Killed a yak
  7162 | D:7      | Reached skill level 1 in Staves
  7162 | D:7      | Reached XP level 9. HP: 40/70 MP: 13/15
  7382 | D:7      | Found a staircase to the Ecumenical Temple.
  7401 | Temple   | Entered the Ecumenical Temple
  8284 | D:7      | Reached skill level 1 in Evocations
  8294 | D:7      | Reached skill level 5 in Spellcasting
  8312 | D:7      | Reached skill level 8 in Shields
  8677 | D:8      | Found the +4 dagger "Morg" {pain, Will+ Int+5}
  9030 | D:8      | HP: 3/70 [centaur/arrow (13)]
  9032 | D:8      | HP: 1/70 [constriction (2)]
  9036 | D:8      | Found a staircase to the Lair.
  9059 | D:8      | Noticed a two-headed ogre
  9061 | D:8      | Slain by a wyvern

Illustrated notes

Levels and vault maps discovered:
D:1:      scummos_arrival_forest, layout_loops_corners, serial_shops,
          shop_statue, minmay_split_cup_large
D:2:      layout_loops_ring, hellmonk_ecumenical_altar_run_dry, serial_shops,
          nicolae_shop_statue_plus
D:3:      wad_crossroads, layout_loops_ring, old_standard_altar, moated_statue,
          uniq_grinder
D:4:      cheibrodos_pilgrimage, layout_cave_pools, ebering_ghost_rock_garden,
          serial_shops, shop
D:5:      layout_rooms, uniq_edmund
D:6:      layout_loops_corners
D:7:      layout_basic, minmay_temple_entry_purple_smoke, gammafunk_ghost_smash,
          amcnicky_mini_rare_corridor_liquid
D:8:      layout_loops_ring, minmay_lair_entry_grove, enter_bailey_8
Temple:   mainiacjoe_temple_cubbyholes

Skill      XL: |  1  2  3  4  5  6  7  8  9 |
---------------+----------------------------+-----
Polearms       | 3 |  3.7
Axes           | 1 |  1.9
Shields        | 3 4 5 7 8 |  8.6
Spellcasting   | 2 3 4 5 |  5.4
Necromancy     | 2 3 |  3.1
Staves         | 1 2 |  2.8
Evocations     | 2 |  2.3
Fighting       | |  3.5
Short Blades   | |  0.8
Dodging        | |  2.6
Stealth        | |  2.1

Action                   |  1- 3 |  4- 6 |  7- 9 || total
-------------------------+-------+-------+-------++-------
Melee: Spear             |    58 |       |       ||    58
       Unarmed           |    36 |       |       ||    36
       Flail             |    82 |    85 |   245 ||   412
       Trident           |       |       |    70 ||    70
       Staff             |       |       |    61 ||    61
       Dagger            |       |       |     5 ||     5
 Fire: Sling             |       |     5 |     1 ||     6
  Use: Potion            |     1 |       |     6 ||     7
       Scroll            |     1 |     2 |    10 ||    13
 Stab: Sleeping          |     1 |       |       ||     1
Armor: Robe              |    19 |       |       ||    19
       Ring mail         |    21 |     1 |       ||    22
       Plate armour      |    39 |    58 |    95 ||   192
       Chain mail        |       |       |   165 ||   165
Dodge: Dodged            |    99 |     3 |    64 ||   166
Block: Tower shield      |       |    41 |   424 ||   465
